 Dungeon Crawl Stone Soup version 0.24.0-7-gb3623d2c88 (webtiles) character file.

Game seed: 10656989633670965117, levelgen mode: deterministic

440451 Monsterracer the Champion of Chaos (level 22, -3/312 HPs)
             Began as a Deep Dwarf Fighter on Nov 2, 2019.
             Was the Champion of Makhleb.
             Killed from afar by an ancient lich (82 damage)
             ... with a crystal spear
             ... on level 5 of the Realm of Zot.
             The game lasted 00:23:16 (27068 turns).

Monsterracer the Champion of Chaos (DDFi)          Turns: 27068, Time: 00:23:17

Health: -3/312     AC: 23    Str: 43      XL:     22   Next: 70%
Magic:  20/20      EV: 13    Int:  2 (3)  God:    Makhleb [******]
Gold:   3085       SH: 16    Dex:  7      Spells: 21/21 levels left

rFire    + + +     SeeInvis +   a - +14 obsidian axe {chop, +Fly SInv *Curse}
rCold    + . .     Gourm    .   u - +1 shield
rNeg     + . .     Faith    .   L - +7 plate armour
rPois    +         Spirit   .   D - +2 hat {MR+}
rElec    .         Reflect  .   F - scarf {rC+ rF+}
rCorr    .         Harm     .   w - +2 pair of gloves
MR       ++++.                  M - +2 pair of boots
Stlth    ..........             E - amulet "Heenti" {Acrobat Fragile rF+++ Str+5 Int-3, =R}
HPRegen  0.00/turn              J - ring "Roinieji" {Str+4 Dex-3 Stlth-}
MPRegen  0.17/turn              P - ring of poison resistance

@: berserking, corroded, mesmerised, non-regenerating, very quick
A: damage resistance, heal wounds, clumsy 1, deformed body, deterioration 1,
dopey 2, frail 1, low mp 2, negative energy resistance 1, sense surroundings 3,
screaming 1, no regeneration
}: 3/15 runes: barnacled, silver, gossamer
a: Heal Wounds, Minor Destruction, Lesser Servant of Makhleb, Major Destruction,
Greater Servant of Makhleb, Renounce Religion, Evoke Flight


You were on level 5 of the Realm of Zot.
You worshipped Makhleb.
Makhleb was exalted by your worship.
You were not hungry.

You visited 9 branches of the dungeon, and saw 47 of its levels.
You also visited: Sewer and Ice Cave.

You collected 5576 gold pieces.
You spent 2491 gold pieces at shops.

Inventory:

Hand Weapons
 a - the +14 obsidian axe (weapon) {chop, +Fly SInv *Curse}
   (You acquired it on level 2 of the Lair of Beasts)

   It inflicts extra damage upon your enemies.
   It lets you see invisible.
   It lets you fly.
   It curses itself when equipped.
Missiles
 b - 4 throwing nets (quivered) {!f}
Armour
 u - a +1 shield (worn)
 w - a +2 pair of gloves (worn)
   (You found it on level 7 of the Dungeon)
 D - a +2 hat of magic resistance (worn)
   (You took it off Gastronok on level 8 of the Dungeon)
 F - a scarf of resistance (worn)
   (You acquired it on level 4 of the Spider Nest)
 I - a +2 cloak
   (You found it on level 3 of the Lair of Beasts)
 L - a +7 plate armour (worn)
   (You bought it in a shop on level 2 of the Orcish Mines)
 M - a +2 pair of boots (worn)
   (You bought it in a shop on level 2 of the Orcish Mines)
Jewellery
 l - the ring of Byisu {+Blink Stlth-}
   (You found it on level 3 of the Realm of Zot)

   [ring of attention]

   It lets you blink.
   It makes you less stealthy.
 E - the amulet "Heenti" (around neck) {Acrobat Fragile rF+++ Str+5 Int-3, =R}
   (You found it on level 14 of the Dungeon)

   [amulet of the acrobat]

   It helps you evade while moving and waiting.
   It affects your strength (+5).
   It affects your intelligence (-3).
   It renders you almost immune to fire.
   It will be destroyed if unequipped.
 J - the ring "Roinieji" (left hand) {Str+4 Dex-3 Stlth-}
   (You found it in an ice cave)

   [ring of attention]

   It affects your strength (+4).
   It affects your dexterity (-3).
   It makes you less stealthy.
 P - a ring of poison resistance (right hand)
   (You found it on level 8 of the Dungeon)
Wands
 o - a wand of digging (3)
   (You found it on level 2 of the Dungeon)
 p - a wand of acid (9)
   (You found it on level 14 of the Dungeon)
 A - a wand of clouds (10)
   (You took it off an orc on level 7 of the Dungeon)
 H - a wand of iceblast (24)
   (You found it on level 11 of the Dungeon)
Scrolls
 f - 8 scrolls of identify
 r - 8 scrolls of remove curse
 s - 2 scrolls of summoning {!r}
 t - 20 scrolls of teleportation {!r}
 G - 3 scrolls of fog
 K - 4 scrolls of fear {!r}
 R - a scroll of silence
 T - a scroll of holy word
 X - a scroll of blinking
Potions
 d - 8 potions of heal wounds
 e - 8 potions of curing
 g - 4 potions of agility
 h - 3 potions of haste
 i - 5 potions of lignification
 j - 4 potions of might
 k - 7 potions of flight
 n - 5 potions of ambrosia {!q}
 v - 3 potions of mutation {!q}
 x - 4 potions of berserk rage {!q}
 B - 3 potions of invisibility
Miscellaneous
 q - a fan of gales
   (You found it on level 5 of the Depths)
 y - a phantom mirror
 z - a box of beasts
 C - a phial of floods
   (You found it on level 5 of the Vaults)
Comestibles
 c - 54 rations
 m - 2 chunks of flesh


   Skills:
 * Level 21.0 Fighting
 - Level 18.0 Axes
 + Level 20.7 Armour
 - Level 10.0 Dodging
 - Level 15.0 Shields
 + Level 21.7 Invocations
 - Level 5.0 Evocations


You had 21 spell levels left.
You didn't know any spells.
Your spell library contained the following spells:

 Spells                   Type           Power        Failure   Level  Hunger
 Animate Skeleton         Necr           N/A          86%         1    ##.....
 Apportation              Tloc           #.....       86%         1    ##.....
 Beastly Appendage        Tmut           #.....       86%         1    ##.....
 Confusing Touch          Hex            #.....       86%         1    ##.....
 Corona                   Hex            #......      86%         1    ##.....
 Flame Tongue             Conj/Fire      #....        86%         1    ##.....
 Sandblast                Erth           #.....       86%         1    ##.....
 Summon Small Mammal      Summ           #...         86%         1    ##.....
 Call Imp                 Summ           #.......     95%         2    ###....
 Ensorcelled Hibernation  Hex/Ice        #.....       95%         2    ###....
 Passwall                 Tmut/Erth      #.......     95%         2    ###....
 Sticks to Snakes         Tmut           #.......     95%         2    ###....
 Throw Flame              Conj/Fire      #.....       95%         2    ###....
 Call Canine Familiar     Summ           #.......     99%         3    ####...
 Confuse                  Hex            #.......     99%         3    ####...
 Conjure Flame            Conj/Fire      #.......     99%         3    ####...
 Dazzling Spray           Conj/Hex       #.....       99%         3    ####...
 Inner Flame              Hex/Fire       #.......     99%         3    ####...
 Spider Form              Tmut/Pois      #.........   99%         3    ####...
 Stone Arrow              Conj/Erth      #.....       99%         3    ####...
 Summon Guardian Golem    Hex/Summ       #.......     99%         3    ####...
 Tukima's Dance           Hex            #.......     99%         3    ####...
 Ice Form                 Ice/Tmut       #.......     100%        4    #####..
 Petrify                  Tmut/Erth      #.......     100%        4    #####..
 Sticky Flame             Conj/Fire      #.......     100%        4    #####..
 Summon Ice Beast         Ice/Summ       #.......     100%        4    #####..
 Summon Lightning Spire   Summ/Air       #.......     100%        4    #####..
 Blade Hands              Tmut           #.........   100%        5    ######.
 Borgnjor's Vile Clutch   Necr/Erth      #.........   100%        5    ######.
 Fireball                 Conj/Fire      #.........   100%        5    ######.
 Irradiate                Conj/Tmut      #.........   100%        5    ######.
 Lee's Rapid Deconstruct  Erth           #.........   100%        5    ######.
 Silence                  Hex/Air        #.........   100%        5    ######.
 Darkness                 Hex            #.........   100%        6    #######
 Hydra Form               Tmut           #.........   100%        6    #######
 Shadow Creatures         Summ           N/A          100%        6    #######
 Statue Form              Tmut/Erth      #........    100%        6    #######
 Dragon Form              Tmut           #.........   100%        7    #######
 Shatter                  Erth           #.........   100%        9    #######


Dungeon Overview and Level Annotations

Branches:
Dungeon (15/15)            Temple (1/1) D:6            Lair (6/6) D:11
 Shoals (4/4) Lair:4       Spider (4/4) Lair:3        Slime (0/5) Lair:6
    Orc (2/2) D:12            Elf (0/3) Orc:2        Vaults (5/5) D:13
 Depths (5/5) D:15            Zot (5/5) Depths:5      Sewer (visited)
  IceCv (visited)
  Crypt: Vaults:2-3

Altars:
Ashenzari
Cheibriados
Dithmenos
Fedhas
Gozag
Hepliaklqana
Makhleb
Nemelex Xobeh
Ru
Uskayaw
Wu Jian
Xom
Yredelemnul
The Shining One
Beogh
Jiyva

Shops:
D:9 [   D:10 :*   Orc:2 %(:[

Annotations:
Lair:3 1 runed translucent door, magipi's ghost, journeyman TrAM
Shoals:1 Donald


Innate Abilities, Weirdness & Mutations

You are resistant to damage.
You can heal yourself by infusing magical energy.
You resist negative energy. (rN+)
You passively map a large area around you.
You do not regenerate.
You are clumsy. (Dex -2)
Armour fits poorly on your strangely shaped body.
Your body sometimes deteriorates upon taking damage.
You are very dopey. (Int -4)
You are frail. (-10% HP)
Your magical capacity is very low. (-20% MP)
You occasionally shout uncontrollably at your foes.


Message History

Your ufetubus closely misses the ancient lich.
Your ufetubus barely misses the ancient lich.
Your ufetubus hits the ancient lich but does no damage.
Your ufetubus barely misses the ancient lich.
A Killer Klown comes into view. It is wielding a +12 club.
The ancient lich touches you but does no damage.
Your ufetubus hits the ancient lich but does no damage. x2
You feel much better.
Your ufetubus barely misses the ancient lich.
Your ufetubus hits the ancient lich but does no damage.
Your ufetubus closely misses the ancient lich.
Your ufetubus hits the ancient lich but does no damage.
Your ynoxinul gestures.
The ancient lich points at you and mumbles some strange words.
The bolt of acid hits you! The acid corrodes you!
You are splashed with acid!
The bolt of acid hits your ice devil!!!
Your ice devil is splashed with acid.
Your ice devil dies!
The bolt of acid hits your ynoxinul!!!
Your ynoxinul is splashed with acid.
Your ynoxinul dies!
Your ufetubus disappears in a puff of smoke! x8
You open the ancient lich like a pillowcase!!!
The ancient lich is heavily damaged.
You block the ancient lich's attack.
You barely miss the ancient lich.
The ancient lich is heavily damaged.
The ancient lich touches you but does no damage.
You slice the ancient lich!!
The ancient lich is severely damaged.
The ancient lich touches you but does no damage.
You hit the ancient lich but do no damage.
The ancient lich is severely damaged.
You block the ancient lich's attack. x2
You hit the ancient lich but do no damage.
The ancient lich is heavily damaged.
You slash the Killer Klown! The ancient lich touches you.
Unknown command.
You hit the ancient lich.
The ancient lich is severely damaged.
You hit the Killer Klown but do no damage.
Visions of slaying the Killer Klown flood into your mind.
The Killer Klown prods you with a +12 club!!
The ancient lich touches you but does no damage.
You hit the ancient lich but do no damage.
The ancient lich is severely damaged.
Your plate armour prevents you from hitting the Killer Klown.
Visions of slaying the ancient lich flood into your mind.
You block the Killer Klown's attack.
The ancient lich gestures at you while chanting.
The crystal spear hits you!!!!
Ouch! That really hurt!
* * * LOW HITPOINT WARNING * * *
Your body deteriorates!
You feel dopey.
A white draconian comes into view. It is wielding a +0 scimitar.
You are too injured to fight recklessly!
You are too injured to fight recklessly!
You are too injured to fight recklessly!
Your blink will be uncontrolled - continue anyway?
The Orb prevents control of your translocation!
You blink.
As you read the scroll of blinking, it crumbles to dust.
The Killer Klown beckons to you.
As you read the scroll of fog, it crumbles to dust.
The scroll dissolves into smoke.
You feel much better.
The ancient lich gestures at you while chanting.
The crystal spear hits you!!!!
* * * LOW HITPOINT WARNING * * *
The Killer Klown blinks!
Unknown command.
Okay, then.
You feel much better.
The white draconian breathes frost at you.
The chilling blast hits you. You resist.
You feel much better. You block the ancient lich's attack.
The ancient lich points at you and mumbles some strange words.
You resist with almost no effort.
You feel much better. The ancient lich touches you.
The Killer Klown throws klown pie at you.
You block the klown pie.
Okay, then.
Really quaff
x - 5 potions of berserk rage {!q}?
A red film seems to cover your vision as you go berserk!
You feel yourself moving faster!
You feel mighty!
Visions of slaying the Killer Klown flood into your mind.
You block the ancient lich's attack.
The Killer Klown strangle-hugs you but does no damage.
The ancient lich gestures at you while chanting.
The bolt of acid hits you!!!
You are splashed with acid!
* * * LOW HITPOINT WARNING * * *
You barely miss the ancient lich.
The ancient lich is heavily damaged.
You slash the Killer Klown!
Visions of slaying the ancient lich flood into your mind.
The Killer Klown teases you with a +12 club!
* * * LOW HITPOINT WARNING * * *
The ancient lich casts a spell at you. The crystal spear hits you!!!!
You die...

......# #.##.# #.#
#.######### #######
###3##.###.####.#
#...3...33......# #######
▓▓▓############## ......#
##.^.......... .....##
##.....§§....... * .....#
##...§§§.§§....... * 3...##
#....§§§§§§........ , ....#
#.....§p@§§......... * ....##
#.....§§L§§.......... ^....#
#.....§§§§d.......... .....##
#.....^.§.§..........*
......###...)^......^..^.....
####...###)))....).d........#
##....##.)..............#
###...................#*
#▓▓▓▓▓▓▓▓▓▓▓##.....▓▓


You could see a Killer Klown, an ancient lich and a white draconian.

Vanquished Creatures
  5 ancient liches (Zot:5)
  4 orbs of fire (Zot:5)
  A Killer Klown (Zot:5)
  A curse toe (Zot:5)
  4 golden dragons (Vaults:5 Depths:5 Zot:5)
  Jory (Vaults:2)
  An electric golem (Zot:5)
  18 Orb Guardians (Zot:5)
  6 tentacled monstrosities (Vaults:5 Zot:5)
  2 titans (Vaults:5)
  3 death cobs (Zot:2 Zot:5)
  2 quicksilver dragons (Vaults:5 Zot:4)
  Gastronok (D:8)
  2 sphinxes (Vaults:5)
  2 storm dragons (Depths:5 Zot:5)
  7 shadow dragons (Vaults:5 Depths:5 Zot:1 Zot:5)
  5 fire giants (Vaults:4 Vaults:5 Depths:5)
  4 draconian monks (Zot:1 Zot:5)
  4 frost giants (Vaults:3 Vaults:5)
  3 tengu reavers (Vaults:2 Vaults:5)
  6 emperor scorpions (Spider:4)
  A draconian knight (Zot:5)
  2 iron dragons (Vaults:5)
  6 ghost moths (Spider:1 Spider:3 Spider:4)
  A deep elf elementalist (Vaults:5)
  4 draconian scorchers (Depths:5 Zot:1)
  10 vault wardens (Vaults:1 Vaults:2 Vaults:5)
  A draconian shifter (Depths:5)
  A stone giant (D:13)
  4 draconian annihilators (Zot:1 Zot:5)
  6 very ugly things (Vaults:2 Vaults:5 Depths:3)
  2 ironheart preservers (Vaults:2 Vaults:5)
  2 draconian stormcallers (Zot:1 Zot:5)
  5 entropy weavers (Spider:2 Spider:4)
  A black draconian (Depths:5)
  5 green draconians (Depths:5 Zot:1 Zot:4)
  Nessos (Lair:4)
  Azrael (D:12)
  3 purple draconians (Zot:1 Zot:5)
  4 spark wasps (Spider:4 Depths:2)
  4 white draconians (Zot:1 Zot:4 Zot:5)
  5 yellow draconians (Zot:1 Zot:5)
  A deep elf annihilator (Vaults:5)
  4 red draconians (Depths:5 Zot:4 Zot:5)
  4 merfolk javelineers (Shoals:3 Shoals:4)
  A deep elf death mage (Vaults:5)
  9 ettins (D:13 Vaults:5 Depths:2)
  A crystal guardian (Vaults:5)
  A fire dragon (Depths:2)
  6 yaktaur captains (Vaults:2 Vaults:3 Vaults:5 Depths:5)
  Josephine (Lair:4)
  3 merfolk impalers (Shoals:2 Shoals:4)
  Erolcha (D:11)
  3 great orbs of eyes (Vaults:2 Vaults:3 Depths:2)
  23 vault guards (D:13 Vaults:3 Vaults:5)
  A deep elf high priest (Vaults:5)
  2 rakshasas (Vaults:3 Depths:2)
  Harold (D:8)
  6 hydras (Lair:1 Lair:3 Lair:6 D:14 D:15)
  An alligator snapping turtle (Shoals:3)
  3 merfolk avatars (Shoals:2 Shoals:4)
  3 death knights (Vaults:1 Vaults:2 D:14)
  2 centaur warriors (D:15 D:14)
  5 ice dragons (IceCv Vaults:2 Vaults:3)
  3 satyrs (Shoals:3 Shoals:4)
  Erica (D:9)
  A spriggan air mage (Depths:2)
  A dancing weapon (Vaults:5)
  3 merfolk aquamancers (Shoals:2 Shoals:4)
  32 two-headed ogres (D:11 Orc:2 D:13 Vaults:1 Vaults:2)
  A tengu warrior (D:14)
  A queen ant (Spider:4)
  8 death scarabs (Spider:4)
  2 deep troll shamans (Depths:3)
  A vampire mage (Depths:3)
  6 ogre magi (D:13 Vaults:1 Vaults:2 Vaults:3 D:15)
  Nergalle (Lair:2)
  2 deep elf knights (Vaults:3 Vaults:5)
  A spriggan berserker (Depths:5)
  Sonja (D:13)
  A fire crab (shapeshifter) (Vaults:3)
  2 shadow wraiths (Vaults:2 Vaults:5)
  4 hell knights (Vaults:5)
  3 unseen horrors (D:11 D:14 D:15)
  7 deep trolls (Orc:2 Vaults:5 Depths:3)
  A sea snake (shapeshifter) (Vaults:5)
  A glowing orange brain (Vaults:3)
  3 sea snakes (Shoals:3 Shoals:4)
  2 deep elf archers (Vaults:2 D:14)
  5 wizards (Vaults:2 Vaults:3 D:15)
  3 phantasmal warriors (Vaults:5)
  6 ironbrand convokers (Vaults:2 Vaults:3 Vaults:5)
  2 spectral wolf spiders (Spider:4)
  A wolf spider zombie (D:15)
  A lindwurm (shapeshifter) (Vaults:5)
  10 orc knights (Orc:1 Vaults:1 Vaults:2 Vaults:3 Vaults:5)
  13 harpies (Shoals:1 Shoals:2 Vaults:3)
  A necromancer (Vaults:5)
  2 deep elf magi (D:12)
  2 lindwurms (Lair:6)
  2 human zombies (Vaults:5)
  17 cyclopes (D:12 Orc:2 Shoals:3 D:13 Vaults:2)
  23 wolf spiders (Lair:6 Spider:1 Spider:2 Spider:3 Spider:4)
  11 orb spiders (Spider:2 Spider:3 Spider:4 Spider:1)
  23 ugly things (D:13 Vaults:2 D:14 D:15 Depths:2)
  3 orc sorcerers (Orc:2 D:15)
  9 manticores (D:11 Shoals:2 Shoals:3 Shoals:4 D:15)
  A moth of wrath (shapeshifter) (Vaults:5)
  7 fauns (Shoals:1 Shoals:3)
  6 merfolk sirens (Lair:4 Shoals:4)
  7 moths of wrath (Spider:4 Zot:1 Zot:3 Zot:5)
  11 black mambas (Lair:2 Lair:3 Lair:5 Lair:6)
  A water nymph (Shoals:3)
  9 vault sentinels (Vaults:2 Vaults:3 Vaults:4 Vaults:5)
  2 gargoyles (D:10 D:12)
  3 rime drakes (Lair:3 IceCv)
  2 spectral redbacks (Spider:4)
  A naga mage (D:15)
  3 torpor snails (Lair:5 Lair:6)
  15 spiny frogs (Lair:1 Lair:2 Lair:3 Lair:4 Lair:5)
  2 redback zombies (Spider:4 D:14)
  21 yaktaurs (Vaults:1 Vaults:2 Vaults:3 Vaults:5 Depths:5)
  3 kobold demonologists (D:13)
  5 freezing wraiths (Vaults:2 Vaults:4 Vaults:5)
  4 komodo dragons (Lair:2 Lair:6)
  18 demonic crawlers (Spider:1 Spider:2 Spider:3 Spider:4)
  22 jumping spiders (Spider:1 Spider:2 Spider:3 Spider:4)
  6 trolls (D:9 Orc:2 D:13 Vaults:3 D:15)
  8 merfolk (Shoals:1 Shoals:2 Shoals:3 Shoals:4)
  A polar bear (Lair:3)
  2 meliai (D:13)
  4 spectral jumping spiders (Spider:4)
  11 blink frogs (Lair:1 Lair:2 Lair:4)
  19 hornets (Lair:6 Spider:2 Spider:4 Depths:5)
  7 tyrant leeches (Lair:5 Lair:6)
  2 spectral tarantellas (Spider:4)
  12 slime creatures (D:12 D:13 Vaults:2)
  2 tarantella zombies (Spider:4)
  A snapping turtle (Shoals:3)
  5 dream sheep (Lair:6 Shoals:2 Shoals:3)
  A sphinx simulacrum (Vaults:1)
  7 hippogriffs (D:11 Lair:1 Lair:3 D:14)
  A fire giant simulacrum (Vaults:5)
  53 redbacks (Spider:1 Spider:2 Spider:3 Spider:4)
  A shadow (D:14)
  27 tarantellas (Spider:1 Spider:2 Spider:3 Spider:4)
  5 spriggans (D:7 Lair:3 Depths:5)
  2 water elementals (Shoals:2 Depths:3)
  A spriggan (shapeshifter) (Vaults:2)
  13 wyverns (Lair:6 D:13 D:15)
  9 wraiths (D:10 D:11 Lair:4 D:12 D:15)
  3 basilisks (Lair:1 D:14)
  41 yaks (D:9 D:11 Lair:4 Lair:5 Lair:6)
  2 fire elementals (D:12)
  6 hungry ghosts (D:6 D:10 D:11 D:14)
  Grum (D:11)
  5 wargs (Orc:1 D:13 Vaults:1)
  8 vampire mosquitoes (D:12 D:13)
  4 swamp worms (Lair:5)
  Duvessa (D:7)
  14 soldier ants (Spider:4 D:14)
  15 water moccasins (Lair:1 Lair:2 Lair:3 Lair:4 Lair:6)
  14 porcupines (D:11 Lair:1 Lair:2 Lair:4 Lair:5)
  3 spectral hornets (Spider:4)
  2 hell hounds (D:12)
  31 orc warriors (D:7 D:10 D:11 D:12 Orc:1)
  A hornet zombie (Spider:4)
  24 ice beasts (D:6 D:7 D:10 Lair:4 IceCv)
  4 sky beasts (D:9 D:11 D:12)
  3 black bears (D:11)
  5 phantoms (D:7 D:12 D:14)
  2 necrophages (D:5 D:9)
  28 ogres (D:9 D:10 D:11 Orc:2 D:13)
  4 boggarts (Vaults:3)
  10 wolves (D:11 Lair:5 D:13)
  12 crocodiles (Sewer D:6 D:11 Lair:1 Lair:2)
  3 centaurs (D:7 D:15)
  2 big kobolds (D:9 D:14)
  20 bullfrogs (D:4 D:6 D:7 D:8 D:9)
  A gnoll sergeant (D:11)
  A glowing shapeshifter simulacrum (Vaults:5)
  Dowan (D:7)
  A wyvern skeleton (D:12)
  2 scorpions (D:10 D:11)
  A human simulacrum (Vaults:3)
  An orc simulacrum (Vaults:1)
  12 wights (D:8 D:11 D:14 D:15)
  An electric eel (Lair:1)
  10 howler monkeys (D:2 D:4 D:5 D:10)
  3 centaur zombies (D:6 D:12 D:14)
  4 quasits (D:9 D:11 D:12)
  2 bullfrog zombies (D:5 D:13)
  8 crimson imps (D:3 D:5 D:6 D:7 D:9)
  4 jellies (D:7 D:8 D:10 D:12)
  2 bullfrog skeletons (D:11 D:12)
  14 orc priests (D:6 D:8 D:10 D:12 Orc:1)
  11 hounds (D:4 D:5 D:6 D:8 D:10)
  27 orc wizards (D:4 D:5 D:6 D:7 D:8)
  5 centaur skeletons (D:9 D:10 D:12 D:13 D:15)
  5 iguanas (D:4 D:6 D:10 D:12)
  Terence (D:3)
  5 hell rats (Lair:2)
  22 worker ants (D:5 D:6 D:8 D:10 D:11)
  A killer bee zombie (D:7)
  2 hound skeletons (D:5 D:6)
  3 worker ant zombies (D:10 D:11)
  3 gnolls (D:11)
  3 howler monkey skeletons (D:6 D:8 D:11)
  13 adders (D:2 D:3 D:4 D:6 D:7)
  5 river rats (Lair:2)
  5 shadow imps (D:5 D:11 D:13 D:14)
  4 oozes (D:1 D:3 D:7)
  An adder zombie (D:6)
  An adder skeleton (D:5)
  3 worms (D:3 D:5)
  2 dart slugs (D:1 D:2)
  6 leopard geckos (D:4 D:6)
  94 orcs (D:4 D:5 D:6 D:7 D:8)
  10 bats (D:1 D:2 D:3)
  2 giant cockroaches (D:1 D:2)
  10 goblins (D:1 D:2 D:3)
  11 hobgoblins (D:1 D:2 D:3)
  9 jackals (D:1 Sewer D:7 D:8)
  6 quokkas (D:2 D:3 D:4 D:7 D:9)
  2 ball pythons (D:1 D:2)
  4 frilled lizards (D:2 D:3)
  A giant cockroach zombie (D:5)
  15 kobolds (D:1 D:2 D:3 Sewer D:9)
  A leopard gecko skeleton (D:4)
  2 quokka skeletons (D:5 D:6)
  A quokka zombie (D:9)
  20 rats (D:1 D:2 D:3 Lair:2)
  6 fungi (D:11 Lair:2 Lair:3 Lair:5)
  16 plants (D:11 Lair:5 Lair:6 Shoals:1 Shoals:2)
1473 creatures vanquished.

Vanquished Creatures (collateral kills)
  An ancient lich (Zot:5)
  A caustic shrike (shapeshifter) (Vaults:5)
  2 titans (Vaults:5)
  3 Orb Guardians (Zot:5)
  A vault warden (Vaults:5)
  A draconian annihilator (Zot:4)
  A draconian shifter (Zot:5)
  An entropy weaver (Spider:3)
  A vampire knight (Depths:3)
  A red draconian (Zot:5)
  A black draconian (Zot:1)
  3 white draconians (Zot:1 Zot:5)
  A merfolk impaler (Shoals:4)
  3 yaktaur captains (Vaults:2 Vaults:5)
  2 ogre magi (Orc:2)
  A great orb of eyes (Depths:2)
  An ice dragon (Lair:6)
  6 vault guards (Vaults:5)
  A merfolk avatar (Shoals:4)
  2 hydras (Lair:4 D:14)
  A rakshasa (Vaults:2)
  A merfolk aquamancer (Shoals:4)
  A two-headed ogre (Orc:2)
  A centaur warrior (D:14)
  2 hell knights (Vaults:5 Depths:5)
  2 sea snakes (Shoals:3 Shoals:4)
  A swamp dragon (shapeshifter) (Vaults:5)
  6 harpies (Shoals:1 Shoals:2)
  An ironbrand convoker (Vaults:2)
  A necromancer (Vaults:5)
  7 orb spiders (Spider:1 Spider:2 Spider:3 Spider:4)
  A harpy (shapeshifter) (Vaults:2)
  A wolf spider zombie (Spider:4)
  An orc knight (Vaults:2)
  3 wolf spiders (Spider:3 Spider:4 Vaults:5)
  7 ugly things (Vaults:2 D:14 D:15)
  3 fauns (Shoals:1 Shoals:3)
  2 manticores (Shoals:3)
  3 moths of wrath (Lair:5)
  6 cyclopes (D:13 Vaults:1 Vaults:2)
  A merfolk siren (Shoals:1)
  2 black mambas (Lair:5 Lair:6)
  2 ice statues (IceCv)
  A guardian serpent (Lair:6)
  A spiny frog (Lair:5)
  3 torpor snails (Lair:6)
  3 demonic crawlers (Spider:2 Spider:4)
  A redback zombie (Spider:4)
  A rime drake (IceCv)
  3 yaktaurs (Vaults:2 Vaults:3)
  5 trolls (Orc:2)
  4 jumping spiders (Spider:1 Spider:2 Spider:3 Spider:4)
  A meliai (D:13)
  5 tyrant leeches (Lair:5 Lair:6)
  A spectral jumping spider (Spider:4)
  6 merfolk (Shoals:1 Shoals:2 Shoals:3 Shoals:4)
  A spectral tarantella (Spider:4)
  2 wind drakes (Shoals:1 Shoals:3)
  A wolf spider simulacrum (D:14)
  5 hornets (Lair:6 Spider:2 Spider:4 D:15)
  2 blink frogs (Lair:4)
  3 slime creatures (D:13 Vaults:2)
  4 dream sheep (Lair:6 Shoals:2)
  3 hippogriffs (Lair:6 D:12 Shoals:3)
  A snapping turtle (Shoals:3)
  A shadow (D:15)
  4 wyverns (Lair:6 D:15)
  15 redbacks (Spider:1 Spider:2 Spider:3 Spider:4)
  7 tarantellas (Spider:1 Spider:2 Spider:3 Spider:4)
  8 yaks (Lair:4 Lair:6 D:12 D:13)
  2 water elementals (Shoals:1 Shoals:2)
  A vampire mosquito (D:12)
  2 swamp worms (Lair:5)
  A warg (D:13)
  A water moccasin (Lair:6)
  3 soldier ants (Spider:4 D:15)
  A floating eye (Depths:2)
  2 sky beasts (D:13 D:14)
  9 orc warriors (D:12 Orc:1 Vaults:2 Vaults:3 D:14)
  4 ice beasts (Lair:4 IceCv)
  A boggart (Vaults:3)
  A wolf (Lair:5)
  7 ogres (Orc:2 Vaults:2 D:15)
  2 crocodiles (Lair:5)
  A centaur (Shoals:3)
  2 big kobolds (D:13)
  A bullfrog (D:15)
  A scorpion (D:14)
  2 wights (D:14)
  An electric eel (Lair:5)
  A crimson imp (D:13)
  A hound (D:12)
  3 orc priests (D:12 Orc:1 Vaults:2)
  A bullfrog skeleton (D:13)
  3 orc wizards (Orc:1 Orc:2 D:13)
  A worker ant (Spider:4)
  9 orcs (D:12 Orc:1 D:13 D:15)
  2 kobolds (D:13)
  6 plants (Lair:4 Lair:6 Shoals:1 Depths:2)
254 creatures vanquished.

Vanquished Creatures (others)
  An Orb Guardian (Zot:5)
  A black draconian (Zot:5)
  A wizard (Depths:2)
  A yaktaur (Vaults:2)
  A hornet (Vaults:2)
  5 dream sheep (Lair:6)
  An orc (Vaults:5)
  44 fungi (D:11 Lair:5 Lair:6)
  22 plants (D:11 Lair:5 Lair:6)
77 creatures vanquished.

Grand Total: 1804 creatures vanquished

Notes
Turn   | Place    | Note
-------+----------+-------------------------------------------
     0 | D:1      | Monsterracer the Deep Dwarf Fighter began the quest for the
                  | Orb.
     0 | D:1      | Reached XP level 1. HP: 20/20 MP: 1/1
    60 | D:1      | Reached XP level 2. HP: 24/27 MP: 2/2
   190 | D:1      | Reached XP level 3. HP: 26/33 MP: 3/3
   582 | D:2      | Reached XP level 4. HP: 31/42 MP: 4/4
  1111 | D:3      | Found a glowing golden altar of the Shining One.
  1118 | D:3      | Found a snail-covered altar of Cheibriados.
  1150 | D:3      | Reached XP level 5. HP: 39/49 MP: 5/5
  1217 | D:3      | Found a hazy altar of Hepliaklqana.
  1266 | D:3      | Noticed Terence
  1277 | D:3      | Killed Terence
  2147 | D:4      | Reached XP level 6. HP: 50/56 MP: 5/5
  2359 | D:4      | Reached skill level 5 in Axes
  2517 | D:4      | Found a glowing drain.
  2526 | Sewer    | Entered a sewer
  2584 | Sewer    | HP: 20/57 [crocodile (11)]
  2589 | Sewer    | HP: 15/57 [crocodile (7)]
  2596 | Sewer    | HP: 26/57 [crocodile (2)]
  2598 | Sewer    | Reached XP level 7. HP: 29/63 MP: 5/5
  2711 | D:4      | Reached skill level 5 in Shields
  2721 | D:4      | Found a blossoming altar of Fedhas.
  2762 | D:5      | Entered Level 5 of the Dungeon
  2811 | D:5      | Reached skill level 5 in Armour
  3590 | D:6      | Noticed a hungry ghost
  3608 | D:6      | HP: 30/66 [orc priest/nerve-wracking pain (9)]
  3612 | D:6      | Reached XP level 8. HP: 33/73 MP: 6/6
  3613 | D:6      | HP: 26/73 [crocodile (2)]
  3618 | D:6      | HP: 35/73 [crocodile (1)]
  3676 | D:6      | Found a staircase to the Ecumenical Temple.
  3698 | Temple   | Entered the Ecumenical Temple
  3719 | Temple   | Became a worshipper of Makhleb the Destroyer
  3764 | D:6      | Reached skill level 5 in Fighting
  3786 | D:6      | Reached skill level 1 in Invocations
  3904 | D:6      | HP: 35/74 [bullfrog (3)]
  4291 | D:7      | Gained mutation: You passively map the area around you.
                  | [Deep Dwarf growth]
  4291 | D:7      | Reached XP level 9. HP: 50/81 MP: 8/8
  4307 | D:7      | Noticed Duvessa
  4315 | D:7      | Reached * piety under Makhleb
  4316 | D:7      | Noticed Dowan
  4327 | D:7      | Killed Duvessa
  4342 | D:7      | Killed Dowan
  4768 | D:7      | Reached skill level 10 in Axes
  5256 | D:8      | Noticed Harold
  5269 | D:8      | Killed Harold
  5269 | D:8      | Reached skill level 5 in Invocations
  5446 | D:8      | Reached XP level 10. HP: 71/91 MP: 10/10
  5751 | D:8      | Noticed Gastronok
  5758 | D:8      | HP: 37/91 [Gastronok/the air (24)]
  5764 | D:8      | HP: 36/91 [Gastronok/the air (28)]
  5774 | D:8      | Killed Gastronok
  5911 | D:9      | Found Plog's Antique Armour Shoppe.
  5923 | D:9      | Reached ** piety under Makhleb
  5958 | D:9      | HP: 39/92 [yak (9)]
  5961 | D:9      | HP: 18/92 [yak (5)]
  5966 | D:9      | HP: 36/94 [yak (7)]
  5972 | D:9      | Reached XP level 11. HP: 45/100 MP: 12/12
  5974 | D:9      | HP: 37/100 [yak (9)]
  6000 | D:9      | Bought a dazzling ring mail for 234 gold pieces
  6000 | D:9      | Bought a spiked ring mail for 234 gold pieces
  6010 | D:9      | Identified the +2 ring mail of Myeroug {rPois rC+} (You
                  | bought it in a shop on level 9 of the Dungeon)
  6020 | D:9      | Identified the +1 ring mail of the Blacksmith {rElec rN+}
                  | (You bought it in a shop on level 9 of the Dungeon)
  6138 | D:9      | Noticed Erica
  6155 | D:9      | HP: 50/100 [something/bolt of poison (7)]
  6160 | D:9      | HP: 29/100 [poisoned by Erica (bolt of poison)]
  6168 | D:9      | HP: 39/100 [something/bolt of poison (1)]
  6170 | D:9      | Killed Erica
  6171 | D:9      | Found a basalt altar of Yredelemnul.
  6288 | D:10     | Entered Level 10 of the Dungeon
  6288 | D:10     | Found Erasmef's Book Boutique.
  6299 | D:10     | Reached *** piety under Makhleb
  6375 | D:10     | Found Laugoett's General Store.
  6402 | D:10     | Bought a scroll of magic mapping for 42 gold pieces
  6402 | D:10     | Bought a scroll of identify for 24 gold pieces
  6512 | D:10     | Found Ugaadas's Armour Shop.
  6846 | D:11     | Noticed Grum
  6851 | D:11     | Killed Grum
  6884 | D:11     | Killed an unseen horror
  6911 | D:11     | Noticed a two-headed ogre
  6916 | D:11     | Killed a two-headed ogre
  6916 | D:11     | Reached **** piety under Makhleb
  6916 | D:11     | Reached skill level 15 in Axes
  7056 | D:11     | Found a staircase to the Lair.
  7392 | D:11     | Reached skill level 1 in Evocations
  7404 | D:11     | Reached ***** piety under Makhleb
  7474 | D:11     | Noticed Erolcha
  7485 | D:11     | Killed Erolcha
  7485 | D:11     | Reached XP level 12. HP: 105/110 MP: 13/13
  7796 | Lair:1   | Entered Level 1 of the Lair of Beasts
  7807 | Lair:1   | Reached skill level 10 in Shields
  8002 | Lair:1   | Reached skill level 10 in Armour
  8447 | Lair:1   | Noticed a six-headed hydra
  8455 | Lair:1   | Killed a one-headed hydra
  8498 | Lair:1   | Identified the Almanac of Stones
  8844 | Lair:2   | Noticed Nergalle
  8866 | Lair:2   | Killed Nergalle
  8946 | Lair:2   | Reached skill level 10 in Invocations
  9110 | Lair:2   | Reached skill level 5 in Evocations
  9164 | Lair:2   | Identified a scroll of acquirement
  9165 | Lair:2   | Found the +14 obsidian axe {chop, +Fly SInv *Curse}
  9630 | Lair:3   | Found a hole to the Spider Nest.
  9631 | Lair:3   | Found a runed translucent door.
  9632 | Lair:3   | Found a shimmering altar of Xom.
  9632 | Lair:3   | Noticed magipi's ghost (journeyman TrAM)
  9708 | Lair:3   | Found the +4 dagger "Morg" {pain, MR+ Int+5}
  9709 | Lair:3   | Noticed a seven-headed hydra
  9718 | Lair:3   | Killed a 13-headed hydra
 10028 | Lair:3   | Noticed a seven-headed hydra
 10034 | Lair:3   | Killed a 12-headed hydra
 10402 | Lair:4   | Reached XP level 13. HP: 107/121 MP: 15/15
 10526 | Lair:4   | Found a frozen archway.
 10583 | IceCv    | Entered an ice cave
 10721 | IceCv    | Reached ****** piety under Makhleb
 10744 | IceCv    | HP: 58/121 [ice dragon (9)]
 10749 | IceCv    | HP: 57/121 [ice dragon (7)]
 10779 | IceCv    | Got a pitted marble ring
 10878 | Lair:4   | Identified the ring "Roinieji" {Str+4 Dex-3 Stlth-} (You
                  | found it in an ice cave)
 10989 | Lair:4   | Noticed Nessos
 10994 | Lair:4   | HP: 55/121 [Nessos/arrow (9)]
 10995 | Lair:4   | Killed Nessos
 11054 | Lair:4   | Noticed Josephine
 11068 | Lair:4   | Killed Josephine
 11290 | Lair:4   | Found a staircase to the Shoals.
 12327 | Lair:5   | HP: 44/122 [tyrant leech (21)]
 12337 | Lair:5   | HP: 45/122 [swamp worm/harpoon shot (13)]
 12832 | Lair:6   | Entered Level 6 of the Lair of Beasts
 13030 | Lair:6   | Gained mutation: You resist negative energy. (rN+) [Deep
                  | Dwarf growth]
 13030 | Lair:6   | Reached XP level 14. HP: 126/130 MP: 14/14
 13066 | Lair:6   | Reached skill level 10 in Fighting
 13190 | Lair:6   | Found a viscous altar of Jiyva.
 13190 | Lair:6   | Found a staircase to the Slime Pits.
 13323 | Lair:6   | Found a runed translucent door.
 14374 | D:12     | Found a staircase to the Orcish Mines.
 14384 | D:12     | Found a roughly hewn altar of Beogh.
 14574 | D:12     | Noticed Azrael
 14589 | D:12     | Killed Azrael
 15071 | Orc:1    | Entered Level 1 of the Orcish Mines
 15353 | Orc:2    | Entered Level 2 of the Orcish Mines
 15392 | Orc:2    | Found a staircase to the Elven Halls.
 15477 | Orc:2    | Found a burning altar of Makhleb.
 15837 | Orc:2    | Found Waicudoxt's Weapon Boutique.
 15858 | Orc:2    | Reached XP level 15. HP: 111/140 MP: 15/17
 15869 | Orc:2    | Found Biqeicle's Antique Armour Shop.
 15869 | Orc:2    | Found Diggung's Food Emporium.
 15888 | Orc:2    | Found Tytaimoa's Book Boutique.
 15929 | Orc:2    | Bought a spiked chain mail for 247 gold pieces
 15929 | Orc:2    | Bought a glowing plate armour for 676 gold pieces
 15929 | Orc:2    | Bought a pair of boots for 117 gold pieces
 15946 | Orc:2    | Identified the +0 chain mail of Resilience {+Blink Str+2
                  | Int+4} (You bought it in a shop on level 2 of the Orcish
                  | Mines)
 16330 | Orc:2    | Bought a runed chain mail for 195 gold pieces
 16567 | Spider:1 | Entered Level 1 of the Spider Nest
 16620 | Spider:1 | Noticed a ghost moth
 16634 | Spider:1 | Killed a ghost moth
 16809 | Spider:1 | Got a slimy scale mail
 16820 | Spider:1 | Identified the cursed +1 scale mail "Ero Uditz" {*Slow
                  | rN+++ Str-5 Dex+3} (You found it on level 1 of the Spider
                  | Nest)
 16921 | Spider:1 | You fall into a shaft and drop 1 floor!
 17598 | Spider:3 | Noticed a ghost moth
 17604 | Spider:3 | Killed a ghost moth
 17936 | Spider:4 | Entered Level 4 of the Spider Nest
 17952 | Spider:4 | Reached skill level 15 in Invocations
 17954 | Spider:4 | Reached XP level 16. HP: 152/152 MP: 19/19
 18588 | Spider:4 | Got a crude ring mail
 18609 | Spider:4 | Identified the +1 ring mail "Qofuqum" {rF- Str+9} (You
                  | found it on level 4 of the Spider Nest)
 18901 | Spider:4 | Reached skill level 15 in Shields
 18952 | Spider:4 | Reached skill level 15 in Armour
 19100 | Spider:4 | Got a gossamer rune of Zot
 19451 | Shoals:1 | Entered Level 1 of the Shoals
 19456 | Shoals:1 | Got an ancient shortbow
 19525 | Shoals:1 | Noticed Donald
 19560 | Shoals:1 | Reached XP level 17. HP: 142/164 MP: 20/20
 19667 | Shoals:1 | Got an ichor-stained battleaxe
 19711 | Shoals:2 | Reached skill level 1 in Dodging
 19997 | Shoals:4 | Entered Level 4 of the Shoals
 20196 | Shoals:4 | Got a barnacled rune of Zot
 20514 | D:13     | Noticed Sonja
 20517 | D:13     | Killed Sonja
 20773 | D:13     | Identified the +7 battleaxe of Balance {chop, rF+ MR+} (You
                  | found it on level 1 of the Shoals)
 20831 | D:13     | Reached skill level 5 in Dodging
 20864 | D:13     | Got a pair of smoking gloves
 20889 | D:13     | Identified the cursed +0 pair of gloves "Buluo" {-Tele rC+
                  | rN+} (You found it on level 13 of the Dungeon)
 21489 | D:13     | Found a gate to the Vaults.
 21505 | Vaults:1 | Entered Level 1 of the Vaults
 21637 | Vaults:1 | Reached skill level 15 in Fighting
 21645 | Vaults:1 | Gained mutation: You passively map a large area around you.
                  | [Deep Dwarf growth]
 21645 | Vaults:1 | Reached XP level 18. HP: 174/178 MP: 22/22
 21824 | Vaults:2 | Noticed Jory
 21838 | Vaults:2 | HP: 87/178 [Jory/+6 battleaxe of chopping (3)]
 21840 | Vaults:2 | Killed Jory
 21885 | Vaults:2 | HP: 86/178 [mirror damage (16)]
 22158 | Vaults:2 | Found Noereno's Magic Scroll Boutique.
 22166 | Vaults:2 | Bought a scroll of teleportation for 63 gold pieces
 22166 | Vaults:2 | Bought a scroll of fear for 73 gold pieces
 22166 | Vaults:2 | Bought a scroll of teleportation for 63 gold pieces
 22166 | Vaults:2 | Bought a scroll of teleportation for 63 gold pieces
 22166 | Vaults:2 | Bought a scroll of magic mapping for 73 gold pieces
 22166 | Vaults:2 | Bought a scroll of magic mapping for 73 gold pieces
 22166 | Vaults:2 | Bought a scroll of enchant armour for 157 gold pieces
 22166 | Vaults:2 | Bought a scroll of enchant armour for 157 gold pieces
 22233 | Vaults:2 | Paralysed by a hornet for 3 turns
 23046 | Vaults:5 | Entered Level 5 of the Vaults
 23063 | Vaults:5 | Reached XP level 19. HP: 169/188 MP: 23/23
 23246 | Vaults:5 | Noticed a golden dragon
 23255 | Vaults:5 | Killed a golden dragon
 23318 | Vaults:5 | Reached skill level 10 in Dodging
 23359 | Vaults:5 | Got a heavily runed leather armour
 23412 | Vaults:5 | Noticed a caustic shrike
 23418 | Vaults:5 | Killed a caustic shrike
 23468 | Vaults:5 | HP: 79/193 [titan/bolt of lightning (34)]
 23545 | Vaults:5 | HP: 91/193 [lindwurm (glowing shapeshifter)/blast of flame
                  | (7)]
 23598 | Vaults:5 | Reached XP level 20. HP: 173/201 MP: 25/25
 23655 | Vaults:5 | Got a silver rune of Zot
 24264 | D:14     | Got a crude lead amulet
 24265 | D:14     | Identified the amulet "Heenti" {Acrobat Fragile rF+++ Str+5
                  | Int-3} (You found it on level 14 of the Dungeon)
 24306 | D:15     | Entered Level 15 of the Dungeon
 24553 | D:15     | Found a shattered altar of Ashenzari.
 24695 | D:15     | Found a glowing golden altar of the Shining One.
 24804 | D:15     | Found a staircase to the Depths.
 25465 | Depths:1 | Entered Level 1 of the Depths
 25708 | Depths:5 | Entered Level 5 of the Depths
 25842 | Depths:5 | Noticed a golden dragon
 25859 | Depths:5 | Killed a golden dragon
 25905 | Depths:5 | Found a gate to the Realm of Zot.
 25911 | Zot:1    | Entered Level 1 of the Realm of Zot
 25956 | Zot:1    | Reached XP level 21. HP: 214/214 MP: 26/26
 26136 | Zot:3    | Identified the ring of Byisu {+Blink Stlth-} (You found it
                  | on level 3 of the Realm of Zot)
 26247 | Zot:5    | Entered Level 5 of the Realm of Zot
 26247 | Zot:5    | Noticed a golden dragon
 26257 | Zot:5    | Killed a golden dragon
 26263 | Zot:5    | Noticed a curse toe
 26274 | Zot:5    | Killed a curse toe
 26334 | Zot:5    | Noticed an orb of fire
 26357 | Zot:5    | Gained mutation: You are clumsy. (Dex -2) [an orb of fire]
 26359 | Zot:5    | Gained mutation: Your magical capacity is low. (-10% MP)
                  | [an orb of fire]
 26365 | Zot:5    | Gained mutation: Armour fits poorly on your strangely
                  | shaped body. [an orb of fire]
 26370 | Zot:5    | Gained mutation: Your magical capacity is very low. (-20%
                  | MP) [an orb of fire]
 26371 | Zot:5    | Killed an orb of fire
 26459 | Zot:5    | Gained mutation: Your spells are a little easier to cast,
                  | but a little less powerful. [a neqoxec]
 26734 | Zot:5    | Noticed a golden dragon
 26740 | Zot:5    | Noticed an ancient lich
 26747 | Zot:5    | Killed a golden dragon
 26793 | Zot:5    | Noticed an orb of fire
 26795 | Zot:5    | Noticed a Killer Klown
 26796 | Zot:5    | Gained mutation: You occasionally shout uncontrollably at
                  | your foes. [an orb of fire]
 26798 | Zot:5    | Noticed an orb of fire
 26800 | Zot:5    | Noticed an orb of fire
 26808 | Zot:5    | HP: 101/219 [orb of fire/fireball (13)]
 26813 | Zot:5    | Gained mutation: You are frail. (-10% HP) [an orb of fire]
 26814 | Zot:5    | HP: 78/295 [orb of fire/bolt of fire (8)]
 26818 | Zot:5    | Killed an orb of fire
 26818 | Zot:5    | Gained mutation: You are very clumsy. (Dex -4) [an orb of
                  | fire]
 26821 | Zot:5    | Gained mutation: You are dopey. (Int -2) [an orb of fire]
 26821 | Zot:5    | HP: 120/295 [black draconian/+0 glaive (6)]
 26822 | Zot:5    | Killed an orb of fire
 26822 | Zot:5    | Reached XP level 22. HP: 170/205 MP: 21/21
 26830 | Zot:5    | Gained mutation: You are very dopey. (Int -4) [an orb of
                  | fire]
 26831 | Zot:5    | Killed an orb of fire
 26835 | Zot:5    | HP: 81/205 [the power of Zot (22)]
 26842 | Zot:5    | HP: 103/206 [death cob (21)]
 26844 | Zot:5    | Noticed an orb of fire
 26847 | Zot:5    | Killed a Killer Klown
 26851 | Zot:5    | Gained mutation: Your body sometimes deteriorates upon
                  | taking damage. [an orb of fire]
 26852 | Zot:5    | Noticed an ancient lich
 26853 | Zot:5    | Lost mutation: Your spells are a little easier to cast, but
                  | a little less powerful. [an orb of fire]
 26854 | Zot:5    | Noticed an ancient lich
 26856 | Zot:5    | Lost mutation: You are very clumsy. (Dex -4) [an orb of
                  | fire]
 26895 | Zot:5    | Noticed an ancient lich
 26907 | Zot:5    | Killed an ancient lich
 26934 | Zot:5    | Killed an ancient lich
 26939 | Zot:5    | Noticed an ancient lich
 26950 | Zot:5    | Killed an ancient lich
 27013 | Zot:5    | Noticed an ancient lich
 27025 | Zot:5    | Killed an ancient lich
 27026 | Zot:5    | Killed an ancient lich
 27039 | Zot:5    | Killed an ancient lich
 27047 | Zot:5    | Noticed an ancient lich
 27052 | Zot:5    | Noticed a Killer Klown
 27060 | Zot:5    | HP: 51/208 [ancient lich/crystal spear (117)]
 27063 | Zot:5    | HP: 9/208 [ancient lich/crystal spear (70)]
 27068 | Zot:5    | HP: 79/312 [Killer Klown/+12 club (10)]
 27068 | Zot:5    | Killed from afar by an ancient lich

Levels and vault maps discovered:
D:1:      matt_arrival_los_fun, layout_basic, minmay_misc_feat_cross
D:2:      layout_rooms
D:3:      layout_basic, gammafunk_temple_overflow_forgotten, uniq_terence
D:4:      layout_rooms, fedhas_altar_4, portal_sewer_entry_d
D:5:      layout_basic, first_ration, palyth_stone_intersect
D:6:      layout_rooms, temple_pool_b, minmay_manual_monstrance
D:7:      layout_loops_ring, the_bakery, water_maze_lemuel, uniq_duvessa
D:8:      layout_gridville, chequers_serial_rivers_micro_a, uniq_gastronok,
          uniq_harold
D:9:      layout_cross, serial_shops, shop_coins, basic_altar, uniq_erica
D:10:     layout_cave_pools, serial_shops, nicolae_shop_trees, shop, shop_statue
D:11:     layout_roguey, due_lair_maze_entry_diamond, uniq_grum, uniq_erolcha
D:12:     layout_loops_ring, minmay_orc_entry_temple_small,
          minmay_strange_pillars, minmay_puff, uniq_azrael
D:13:     giant_chief_lemuel, layout_long_grid, david_vaults_5, uniq_sonja
D:14:     kennysheep_snake, layout_basic, kennysheep_pointless_box,
          minmay_quadrilaterals
D:15:     grunt_enter_depths_magical_seal, layout_long_grid,
          hangedman_decor_lopped, basic_altar, nicolae_tso_carved_into_rock
Temple:   regret_index_temple_mists
Lair:1:   layout_cave_pods, grunt_megastairs_5, serial_bayou_shore_a
Lair:2:   layout_big_grid, kennysheep_abandoned_house, uniq_nergalle
Lair:3:   layout_cave_pods, spider_nest_entry_web_field, ebering_ghost_xom,
          grunt_forest_large_clearing_hut
Lair:4:   layout_layer_cave, elwin_shoals_entry_rooms,
          portal_ice_cave_entry_ice_beasts, uniq_nessos, uniq_josephine
Lair:5:   layout_small_grid, worms_lemuel, infiniplex_staircase_pool,
          lemuel_fruit_tree, grunt_megastairs_4
Lair:6:   hangedman_lair_tendril_chambers, layout_regular_city, wormcave,
          dpeg_slime_entry_enclosed_altar, hibernation_bobbens
Shoals:1: layout_shoals, uniq_donald
Shoals:2: layout_shoals
Shoals:3: layout_shoals, ldierk_geyser
Shoals:4: shoals_end_simple, layout_shoals
Spider:1: layout_chambers
Spider:2: layout_spider_delve
Spider:3: layout_spider_delve, drop_trap
Spider:4: floodkiller_spider_rune_tomb, zaba_antful_of_joy
Orc:1:    layout_caves
Orc:2:    st_orc_open, layout_caves, bloody_makhleb
Vaults:1: grunt_vaults_focal, v_alt_pattern_2, vaults_dpeg_diagonal, v_misc_23,
          nicolae_vaults_what_the_h, vaults_room_grunt_arrival_ludios,
          grunt_vaults_funnel, nicolae_vaults_shelves_hall,
          layout_vaults_omnigrid
Vaults:2: hangedman_vaults_stream, nicolae_vaults_network_star, st_star,
          ontoclasm_vaults_idyll, dpeg_vaults_monster_box, v_misc_29,
          vaults_room_fours, nicolae_vaults_diagonal_hallway_9, v_misc_11,
          vaults_room_semicircle, layout_vaults_big_cross, serial_shops,
          shop_scrolls, uniq_jory, uniq_saint_roka
Vaults:3: hangedman_vaults_pinch, v_pattern_4, v_alt_pattern_5, v_rooms_1,
          vaults_dpeg_doors, nicolae_vaults_asterisk,
          nicolae_vaults_yaktaur_gun_rack, vaults_room_fours,
          ontoclasm_vaults_gateway, nicolae_vaults_little_squares_6,
          minmay_crypt_entry_necro_gods, nicolae_vaults_rhombus_6,
          nicolae_vaults_rhombus_7, layout_vaults_big_room
Vaults:4: ontoclasm_vaults_ring_large, hangedman_vaults_locks,
          nicolae_vaults_network_quinsquares
          [nicolae_vaults_network_quincunx_subvault,
          nicolae_vaults_network_quincunx_subvault,
          nicolae_vaults_network_quincunx_subvault,
          nicolae_vaults_network_quincunx_subvault],
          nicolae_vaults_sealed_display, ontoclasm_vaults_ring_square,
          ontoclasm_vaults_ring_square, grunt_vaults_swirl,
          ontoclasm_vaults_loading_screen, hangedman_vaults_corner_blocks,
          nicolae_vaults_ninety_degrees, nicolae_vaults_shelves_hall,
          vaults_room_stairs_pillars, vaults_mumra_chevron, v_misc_10,
          vaults_room_pool, ontoclasm_vaults_loading_screen,
          layout_vaults_maze_snakey, serial_shops, shop
Vaults:5
Depths:1: layout_cave_shapes, hangedman_tar_grid_catacomb,
          minmay_misc_feat_tower, serial_shops, nicolae_shop_overgrown_old_shop,
          kennysheep_cluttered_room, minmay_shop_mayhem, dk_noncrumbling_2,
          minivault_22, drop_trap, kennysheep_generic_room_12, minmay_shop_star
Depths:2: kennysheep_large_vault, layout_basic, enter_ziggurat_a, hell_entry,
          serial_bayou_pond_a
Depths:3: grunt_double_whammy, layout_basic, grunt_mini_vestibule,
          chequers_big_river, rand_demon_pan_entry_8, serial_shops, shop,
          special_room [special_room_magic_class], minmay_evil_grid,
          infiniplex_staircase_spiral
Depths:4: kennysheep_demon_jail, layout_basic, nicolae_two_hexagons, hell_entry,
          minmay_room_of_horrors
Depths:5: evilmike_zot_entry_hall, layout_gridlike, hell_entry, hex_tiny,
          corner_web_ring
Zot:1:    lemuel_draconian_sentries_small, layout_misc_corridors
Zot:2:    layout_twisted_circle, grunt_ministairs_4
Zot:3:    layout_cathedral_of_symmetry
Zot:4:    layout_gridlike, hangedman_elemental_grid_stream
Zot:5:    layout_basic

Skill      XL: |  1  2  3  4  5  6  7  8  9 10 11 12 13 14 15 16 17 18 19 20 21 22 |
---------------+-------------------------------------------------------------------+-----
Axes           | 3 4 5 6 9 11 13 15 16 17 18 | 18.0
Fighting       | 3 4 5 6 7 8 9 10 12 13 15 16 17 18 20 21 | 21.0
Shields        | 4 5 6 7 8 9 10 11 12 14 15 | 15.0
Armour         | 4 5 6 7 8 9 10 11 12 14 15 16 17 18 19 20 | 20.7
Invocations    | 2 5 7 9 10 11 13 15 16 17 18 19 20 21 | 21.7
Evocations     | 1 5 |  5.0
Dodging        | 5 8 10 | 10.0

Action                   |  1- 3 |  4- 6 |  7- 9 | 10-12 | 13-15 | 16-18 | 19-21 | 22-24 || total
-------------------------+-------+-------+-------+-------+-------+-------+-------+-------++-------
Melee: War axe           |    74 |   299 |   388 |   643 |       |       |       |       ||  1404
       Broad axe         |       |       |       |    58 |   806 |  1112 |   973 |   105 ||  3054
Invok: Greater Servant o |       |       |       |       |     1 |       |     1 |       ||     2
 Abil: Heal Wounds       |       |     4 |     6 |     9 |     4 |     2 |     6 |     9 ||    40
       Evoke Berserk Rag |       |       |       |       |     1 |       |       |       ||     1
       Evoke Flight      |       |       |       |       |       |     2 |     2 |       ||     4
Evoke: Wand              |       |       |       |     1 |     5 |       |       |       ||     6
  Use: Scroll            |       |     6 |    12 |     8 |     9 |     8 |    16 |     3 ||    62
       Potion            |       |       |       |       |       |       |     3 |     2 ||     5
 Stab: Distracted        |       |       |       |       |     4 |    13 |     9 |     4 ||    30
       Confused          |       |       |       |       |     1 |       |       |       ||     1
       Petrified         |       |       |       |       |     1 |       |       |       ||     1
       Held in net/web   |       |       |       |       |       |    13 |       |       ||    13
       Paralysed         |       |       |       |       |       |     1 |     1 |       ||     2
  Eat: Chunk             |       |     6 |    17 |    19 |    27 |    14 |    11 |     1 ||    95
       Ration            |       |       |     1 |     1 |       |     1 |     1 |       ||     4
Armor: Scale mail        |    35 |   118 |       |       |       |       |       |       ||   153
       Chain mail        |       |    37 |   203 |   321 |   180 |     2 |       |       ||   743
       Plate armour      |       |       |       |       |   196 |   504 |   346 |    41 ||  1087
       Skin              |       |       |       |       |       |     1 |       |       ||     1
Dodge: Dodged            |    26 |    84 |   106 |   171 |   190 |   289 |   301 |    21 ||  1188
Block: Shield            |    51 |   177 |   221 |   394 |   492 |   786 |   546 |    68 ||  2735
